 Dungeon Crawl Stone Soup version 0.13-a0-2156-ga9a2eb8 (webtiles) character file.

3259 JacquesDerrida the Carver (level 9, 50/63 HPs)
             Began as a Demonspawn Gladiator on June 30, 2013.
             Was a Follower of Okawaru.
             Quit the game on Level 1 of the Abyss.
             The game lasted 00:33:05 (7267 turns).

JacquesDerrida the Carver (Demonspawn Gladiator)    Turns: 7267, Time: 00:33:05

HP  50/63        AC 11     Str 15      XL: 9   Next: 47%
MP   8/8         EV 17     Int 13      God: Okawaru [*.....]
Gold 387         SH  0     Dex 15      Spells:  2 memorised,  4 levels left

Res.Fire  : . . .   See Invis. : .   a - +1,+0 falchion
Res.Cold  : . . .   Warding    : .   i - +0 leather armour {rPois}
Life Prot.: . . .   Conserve   : .   (no shield)
Res.Poison: +       Res.Corr.  : .   c - +0 helmet
Res.Elec. : .       Clarity    : .   (no cloak)
Sust.Abil.: . .     Spirit.Shd : .   s - +0 pair of elf gloves
Res.Mut.  : .       Stasis     : .   H - +0 pair of boots (curse)
Res.Rott. : .       Flight     : .   K - amulet "Zuikif" {+Rage Dex+1}
Saprovore : . . .                    o - +3 ring of evasion
                                     m - +5 ring of protection

@: slightly resistant to hostile enchantments, unstealthy
A: claws 2, powered by death 2, spiny 1, EV +2
a: Heroism, Renounce Religion, Evoke Berserk Rage


You were on level 1 of the Abyss.
You worshipped Okawaru.
Okawaru was pleased with you.
You were full.

You visited 2 branches of the dungeon, and saw 11 of its levels.
You visited the Abyss 1 time.

You collected 367 gold pieces.

Inventory:

Hand weapons
 a - a +1,+0 falchion (weapon)
 g - a +0,+2 orcish falchion
 E - a +1,+3 great mace
Missiles
 d - a throwing net (quivered)
 D - a throwing net [torn]
Armour
 b - a +0 leather armour
 c - a +0 helmet (worn)
 i - a +0 leather armour of poison resistance (worn)
 q - a +0 pair of gauntlets
 s - a +0 pair of elven gloves (worn)
 A - a +0 leather armour
 H - a cursed +0 pair of boots (worn)
Magical devices
 w - a wand of flame (0)
Comestibles
 f - 4 bread rations
Scrolls
 h - 2 scrolls of curse jewellery {unknown}
 j - 4 scrolls of identify
 k - a scroll of noise
 r - a scroll of fear
 y - a scroll of recharging
 z - a scroll of remove curse
Jewellery
 l - an uncursed amulet of warding
 m - a +5 ring of protection (left hand)
 o - a +3 ring of evasion (right hand)
 K - the amulet "Zuikif" (around neck) {+Rage Dex+1}
   (You found it on level 5 of the Dungeon)

   [amulet of rage]

   It affects your dexterity (+1).
Potions
 e - 3 potions of curing
 v - a potion of confusion {unknown}
Books
 p - a book of Air

   Spells                             Type                      Level
   Shock                              Conjuration/Air              1
   *Swiftness                         Charms/Air                   2
   *Repel Missiles                    Charms/Air                   2
   Flight                             Charms/Air                   3
   Static Discharge                   Conjuration/Air              3
   Lightning Bolt                     Conjuration/Air              5
 x - a book of Party Tricks

   Spells                             Type                      Level
   Summon Butterflies                 Summoning                    1
   Apportation                        Translocation                1
   Blink                              Translocation                2
   Alistair's Intoxication            Transmutation/Poison         4
   Tukima's Dance                     Hexes                        5
 C - Grenlef's Volume of Creation
   (You found it on level 5 of the Dungeon)

   Spells                             Type                      Level
   Recall                             Summoning/Translocation      3
   Call Canine Familiar               Summoning                    3
   Summon Elemental                   Summoning                    4
   Shadow Creatures                   Summoning                    5


   Skills:
 - Level 2.0 Fighting
 + Level 11.4 Long Blades
 - Level 1.7 Throwing
 - Level 2.6 Dodging


You had 4 spell levels left.
You knew the following spells:

 Your Spells              Type           Power        Failure   Level  Hunger
a - Repel Missiles        Chrm/Air       #.........   47%         2    ###....
b - Swiftness             Chrm/Air       #.........   47%         2    ###....


Dungeon Overview and Level Annotations

Branches:
Dungeon (10/27)            Temple (1/1) D:7             Orc (0/4) D:6
   Lair: D:8-13

Altars:
Ashenzari
Cheibriados
Elyvilon
Fedhas
Kikubaaqudgha
Makhleb
Nemelex Xobeh
Okawaru
Sif Muna
Trog
Vehumet
Xom
Yredelemnul
Zin
the Shining One

Annotations
D:4 Dowan
D:8 Erolcha
D:9 Elizilla's ghost, experienced TrMo


Innate Abilities, Weirdness & Mutations

You have very sharp fingernails.
You are surrounded by a mild repulsion field (EV +2).
You can steal the life force of defeated enemies.
You are partially covered in sharp spines.


Message History

The flying skull hits you but does no damage.
The large abomination moves out of view.
Your magical contamination has completely faded away.
The flying skull hits you.
You hit the flying skull but do no damage.
The flying skull is lightly damaged.
The flying skull completely misses you.
You hit the flying skull.
The flying skull is lightly damaged.
The flying skull barely misses you.
You hit the flying skull but do no damage.
The flying skull is lightly damaged.
The flying skull barely misses you.
You closely miss the flying skull.
The flying skull is lightly damaged.
The flying skull closely misses you. The flying skull misses you.
You hit the flying skull but do no damage.
The flying skull is lightly damaged.
The flying skull hits you.
Are you sure you want to abandon this character and quit the game? (Confirm with "yes".)

. .#! ## ..#
.. ... #
#### .... #
#.## ...#.#
. #... #.#.
#.....#
#....#
#...##.....#
. .#. #
###......X.#
... # .###
#....@##..#
#.## ##
..######z..#
# .. ##....
# ####..#
##..
...###.#..
.#..# # ..##
.#
....#....###
...#x#. .#
#...###.5..
.#.##..##
#... # ##5
..#
....#.#...#
...#
.##.###.#.
#.


You could see a large abomination, a flying skull and a white imp.

Vanquished Creatures
  The ghost of JacquesDerrida the Carver, an experienced HEGl of Okawaru (D:7)
  Grinder (D:3)
  Eustachio (D:9)
  2 slaves (D:9)
  A black bear (D:7)
  A hippogriff skeleton (D:7)
  An ice beast (D:7)
  Duvessa (D:4)
  6 giant frogs
  2 giant frog skeletons
  2 wights (D:8)
  6 crimson imps
  A hound (D:7)
  A crocodile skeleton (D:7)
  2 orc priests
  5 worker ants
  A hound skeleton (D:8)
  An iguana (D:4)
  4 scorpions
  4 orc wizards
  A gnoll shaman (D:7)
  A spectral human (D:7)
  8 gnolls
  10 adders
  A giant mite (D:1)
  An iguana skeleton (D:5)
  2 worms
  2 giant eyeballs
  A grey rat (D:9)
  A bat skeleton (D:4)
  2 oozes
  3 giant geckos
  23 orcs
  A ball python (D:3)
  11 bats
  7 giant cockroaches
  12 hobgoblins
  13 jackals
  12 kobolds
  7 giant newts
  2 giant spores
  9 goblins
  A hobgoblin skeleton (D:4)
  A kobold zombie (D:5)
  4 quokkas
  14 rats
  3 rat skeletons
  7 ballistomycetes
204 creatures vanquished.

Vanquished Creatures (others)
  An orc wizard (D:7)
  A ballistomycete (D:7)
2 creatures vanquished.

Grand Total: 206 creatures vanquished

Notes
Turn   | Place    | Note
--------------------------------------------------------------
     0 | D:1      | JacquesDerrida, the Demonspawn Gladiator, began the quest for the Orb.
     0 | D:1      | Reached XP level 1. HP: 17/17 MP: 0/0
   128 | D:1      | Reached skill level 3 in Long Blades
   128 | D:1      | Gained mutation: You can steal the life force of nearby defeated enemies. [demonic ancestry]
   128 | D:1      | Reached XP level 2. HP: 16/23 MP: 1/1
   404 | D:1      | acidapple: ох уж эти демонспавны
   404 | D:1      | acidapple: тсо хоть взять не забудь
   404 | D:1      | JacquesDerrida: )))
   404 | D:1      | JacquesDerrida: Превращусь в гуля сначала
   685 | D:2      | Gained mutation: You have sharp fingernails. [demonic ancestry]
   685 | D:2      | Reached XP level 3. HP: 21/28 MP: 2/2
   705 | D:2      | Found a bloodstained altar of Trog.
   785 | D:2      | JacquesDerrida: )))
   837 | D:2      | Reached skill level 4 in Long Blades
  1360 | D:3      | Noticed Grinder
  1376 | D:3      | Killed Grinder
  1376 | D:3      | Reached skill level 6 in Long Blades
  1376 | D:3      | JacquesDerrida: xe-xe
  1376 | D:3      | Gained mutation: You have very sharp fingernails. [demonic ancestry]
  1376 | D:3      | Reached XP level 4. HP: 27/35 MP: 3/3
  1376 | D:3      | Gained mutation: You are surrounded by a mild repulsion field (EV +2). [demonic ancestry]
  1376 | D:3      | Reached XP level 5. HP: 30/40 MP: 4/4
  1376 | D:3      | acidapple: пфф
  1376 | D:3      | Gained mutation: You are partially covered in sharp spines. [demonic ancestry]
  1376 | D:3      | Reached XP level 6. HP: 34/46 MP: 5/5
  1377 | D:3      | acidapple: 3 уровня
  1377 | D:3      | acidapple: как с куста
  1377 | D:3      | JacquesDerrida: Дерьмо(((
  1377 | D:3      | acidapple: реген
  1377 | D:3      | acidapple: ням
  1377 | D:3      | JacquesDerrida: Не хочу шарп спайнс
  1377 | D:3      | JacquesDerrida: И репалшн филд тоже не хочу
  1377 | D:3      | JacquesDerrida: (((
  1460 | D:3      | JacquesDerrida: Хочу айс
  1460 | D:3      | JacquesDerrida: Любой айс
  1460 | D:3      | JacquesDerrida: Достало, хочу айс!
  1460 | D:3      | JacquesDerrida: Никогда не бывает!
  2195 | D:4      | Reached skill level 7 in Long Blades
  2348 | D:4      | Gained mutation: You can steal the life force of defeated enemies. [demonic ancestry]
  2348 | D:4      | Reached XP level 7. HP: 51/51 MP: 6/6
  2491 | D:4      | JacquesDerrida: Как у Жака Деррида
  2491 | D:4      | JacquesDerrida: Вдруг не стало переда!
  2697 | D:4      | Noticed Duvessa
  2698 | D:4      | Noticed Dowan
  2766 | D:5      | Entered Level 5 of the Dungeon
  2819 | D:4      | Killed Duvessa
  3047 | D:5      | Identified Grenlef's Volume of Creation (You found it on level 5 of the Dungeon)
  3147 | D:5      | Reached skill level 8 in Long Blades
  3325 | D:5      | Found a white marble altar of Elyvilon.
  3335 | D:5      | Found a shimmering altar of Xom.
  3403 | D:5      | Got a faintly glowing tin amulet
  4042 | D:6      | Found a staircase to the Orcish Mines.
  4060 | D:7      | Reached XP level 8. HP: 9/58 MP: 7/7
  4290 | D:7      | Identified the amulet "Zuikif" {+Rage Dex+1} (You found it on level 5 of the Dungeon)
  4320 | D:7      | Reached skill level 9 in Long Blades
  4996 | D:7      | Reached skill level 10 in Long Blades
  5020 | D:7      | Found a staircase to the Ecumenical Temple.
  5034 | Temple   | Entered the Ecumenical Temple
  5088 | Temple   | Became a worshipper of Warmaster Okawaru
  5479 | D:8      | Reached XP level 9. HP: 63/63 MP: 8/8
  5514 | D:8      | Paralysed by a giant eyeball for 2 turns
  5949 | D:8      | Noticed Erolcha
  6094 | D:7      | Found a basalt altar of Yredelemnul.
  6151 | D:7      | Noticed JacquesDerrida's ghost (experienced HEGl)
  6197 | D:7      | Killed JacquesDerrida's ghost
  6197 | D:7      | Acquired Okawaru's first power
  6197 | D:7      | Reached skill level 11 in Long Blades
  6492 | D:9      | Noticed Eustachio
  6508 | D:10     | Entered Level 10 of the Dungeon
  6600 | D:9      | Killed Eustachio
  6792 | D:9      | Learned a level 2 spell: Repel Missiles
  6795 | D:9      | Learned a level 2 spell: Swiftness
  6872 | D:9      | Noticed Elizilla's ghost (experienced TrMo)
  7177 | D:8      | Cast into the Abyss (Erolcha)
  7259 | Abyss:1  | Noticed a large abomination
  7267 | Abyss:1  | Quit the game

Action                   |  1- 3 |  4- 6 |  7- 9 || total
-------------------------+-------+-------+-------++-------
Melee: Falchion          |   164 |   184 |   839 ||  1187
Throw: Throwing net      |       |       |     2 ||     2
 Cast: Swiftness         |       |       |     1 ||     1
Invok: Heroism           |       |       |     2 ||     2
 Abil: Evoke Berserk Rag |       |       |     1 ||     1
Evoke: Wand              |       |       |     6 ||     6
  Use: Potion            |     3 |       |    13 ||    16
       Scroll            |       |       |    12 ||    12
 Stab: Invisible         |       |       |     4 ||     4
       Held in net/web   |       |       |     2 ||     2
       Sleeping          |       |       |     1 ||     1
